 Dungeon Crawl Stone Soup version 0.30-a0-870-gc5d4c5acee (webtiles) character file.

Game seed: 1001911522249956094

70 freelancePsychic the Sneak (level 4, 0/34 HPs)
             Began as a Demonspawn Brigand on Mar 12, 2023.
             Slain by a kobold
             ... wielding a +0 short sword
              (1 damage)
             ... on level 2 of the Dungeon.
             The game lasted 00:02:38 (984 turns).

freelancePsychic the Sneak (Demonspawn Brigand)      Turns: 984, Time: 00:02:38

Health: 0/34       AC:  4    Str: 17    XL:     4   Next: 4%
Magic:  4/4        EV: 11    Int: 13    God:
Gold:   42         SH:  0    Dex: 16    Spells: 3/3 levels left

rFire   . . .      SeeInvis .    a - +2 dagger
rCold   . . .      Faith    .    (no shield)
rNeg    + . .      Spirit   .    g - +0 leather armour
rPois   .          Reflect  .    (no helmet)
rElec   .          Rampage  .    c - +0 cloak
rCorr   .                        (no gloves)
Will    .....                    (no boots)
Stlth   ++                       (no amulet)
HPRegen 0.25/turn                h - +6 ring of strength
MPRegen 0.18/turn                n - ring of positive energy

@: brilliant, weak-willed, attractive, hasted, very quick
A: magic regeneration, weakness stinger 2
a: no special abilities


You were on level 2 of the Dungeon.
You visited 1 branch of the dungeon, and saw 2 of its levels.

You collected 42 gold pieces.

Inventory:

Hand Weapons
 a - a +2 dagger (weapon)
Missiles
 d - 7 poisoned darts
 e - 2 curare-tipped darts (quivered)
Armour
 b - a +0 robe
 c - a +0 cloak (worn)
 g - a +0 leather armour (worn)
Jewellery
 h - a +6 ring of strength (left hand)
 n - a ring of positive energy (right hand)
Scrolls
 k - a scroll of enchant armour


   Skills:
 + Level 2.7 Fighting
 * Level 3.0 Short Blades
 - Level 1.7 Throwing
 - Level 0.8 Dodging
 + Level 4.1 Stealth


You had 3 spell levels left.
You didn't know any spells.
Your spell library was empty.

Dungeon Overview and Level Annotations

Branches:
Dungeon (2/15)

Altars:

Annotations:
D:2 Robin, Terence


Innate Abilities, Weirdness & Mutations

You regenerate magic rapidly.
You have a tail ending in a sharp stinger.


Message History

The kobold hits you with a +0 short sword.
Jessica hits you but does no damage. The goblin barely misses you.
You hit Jessica.
Jessica is almost dead.
The kobold hits you but does no damage. Jessica hits you with a +0 dagger.
The goblin misses you.
You closely miss Jessica.
You tail-slap Jessica, but do no damage.
Jessica is almost dead.
Jessica gestures wildly while chanting.
Jessica seems to speed up.
The kobold hits you with a +0 short sword.
* * * LOW HITPOINT WARNING * * *
The goblin hits you with a +0 club.
* * * LOW HITPOINT WARNING * * *
You hit Jessica. You tail-slap Jessica.
You kill Jessica!
Your Short Blades skill increases to level 3!
You have reached level 4!
You feel clever.
Your demonic ancestry asserts itself...
Your tail grows a sharp stinger.
You barely miss the jackal.
Your tail-slap misses the jackal.
The jackal barely misses you.
The kobold hits you with a +0 short sword.
* * * LOW HITPOINT WARNING * * *
The goblin closely misses you.
You hit the jackal but do no damage.
A jackal comes into view.
The jackal closely misses you. The jackal is attracted toward you.
You hit the jackal.
You kill the jackal!
The kobold hits you with a +0 short sword.
* * * LOW HITPOINT WARNING * * *
The goblin hits you with a +0 club.
* * * LOW HITPOINT WARNING * * *
The bat is attracted toward you.
You closely miss the goblin. The bat is attracted toward you.
You closely miss the goblin. The jackal barely misses you.
The kobold hits you with a +0 short sword.
You die...

.##.#####.###.#
#.....# . #.
#.# #.###......
#.
#.###.......#
#.
#...#........
##...........
#...........
#...(######
#....$####
#....gg@K#
#....###h...§..
#..... h.b§...
####... .......
#### #..(...
...... .....#
.....#


You could see 2 jackals, 2 goblins, a bat (wandering) and a kobold
(weak-willed).

Vanquished Creatures
  Jessica (D:2)
  A worm (D:2)
  3 dart slugs (D:1)
  3 ball pythons (D:1)
  2 endoplasms
  3 hobgoblins
  A jackal (D:2)
  6 kobolds
  3 quokkas
  5 bats
  2 frilled lizards (D:1)
  2 goblins (D:2)
  3 rats (D:1)
35 creatures vanquished.

Notes
Turn   | Place    | Note
-------+----------+-------------------------------------------
     0 | D:1      | freelancePsychic the Demonspawn Brigand began the quest for
                  | the Orb.
     0 | D:1      | Reached XP level 1. HP: 16/16 MP: 1/1
   118 | D:1      | Gained mutation: You have a small tail. [demonic ancestry]
   118 | D:1      | Reached XP level 2. HP: 22/22 MP: 2/2
   540 | D:1      | Gained mutation: You regenerate magic rapidly. [demonic
                  | ancestry]
   540 | D:1      | Reached XP level 3. HP: 28/28 MP: 3/3
   728 | D:2      | Noticed Robin
   939 | D:2      | Reached skill level 4 in Stealth
   946 | D:2      | Noticed Terence
   965 | D:2      | Noticed Jessica
   979 | D:2      | Killed Jessica
   980 | D:2      | Gained mutation: You have a tail ending in a sharp stinger.
                  | [demonic ancestry]
   980 | D:2      | Reached XP level 4. HP: 4/34 MP: 4/4
   982 | D:2      | HP: 1/34 [goblin/+0 club[Robin] (1)]
   984 | D:2      | Slain by a kobold

Illustrated notes

Levels and vault maps discovered:
D:1:      lightli_arrival_statuegarden, layout_loops_cross,
          minmay_misc_feat_chi, grunt_decor_mini_mirrors, minmay_strange_pillars
D:2:      minmay_general_purpose_star, layout_basic, uniq_robin, uniq_terence,
          uniq_jessica

Skill      XL: |  1  2  3 |
---------------+----------+-----
Short Blades   | 2 3 |  3.0
Stealth        | 4 |  4.1
Fighting       | |  2.7
Throwing       | |  1.7
Dodging        | |  0.8

Action                     |  1- 3 |  4- 6 || total
---------------------------+-------+-------++-------
  Melee: Dagger            |    82 |     5 ||    87
         Tailslap          |     7 |       ||     7
  Throw: Dart              |    11 |       ||    11
    Use: Scroll            |     4 |       ||     4
         Potion            |     3 |       ||     3
   Stab: Sleeping          |     3 |       ||     3
 Armour: Leather armour    |    20 |       ||    20
  Dodge: Dodged            |    39 |     4 ||    43

Table legend: (Time is in decaauts)
 A = Elapsed time spent in this place.
 B = Non-inter-level travel time spent in this place.
 C = Inter-level travel time spent in this place.
 D = Time resting spent in this place.
 E = Time spent auto-exploring this place.
 F = Levels seen in this place.
 G = Mean time per level.
                   A        B        C        D        E       F      G
               +--------+--------+--------+--------+--------+-----+--------+
         Total |    969 |    964 |      5 |    108 |    600 |   2 |  484.5 |
       Dungeon |    969 |    964 |      5 |    108 |    600 |   2 |  484.5 |
               +--------+--------+--------+--------+--------+-----+--------+

Top non-repeatable levels by time:
     D:1: 691 daAuts
     D:2: 278 daAuts
